 Dungeon Crawl Stone Soup version 0.29-a0-495-g17b79114eb (webtiles) character file.

Game seed: 17859745552849831792

31 hquester the Shield-Bearer (level 3, -1/36 HPs)
             Began as a Troll Fighter on May 27, 2022.
             Slain by Sigmund
             ... wielding a +0 scythe
              (4 damage)
             ... on level 2 of the Dungeon.
             The game lasted 00:02:41 (1039 turns).

hquester the Shield-Bearer (Troll Fighter)          Turns: 1039, Time: 00:02:42

Health: -1/36      AC:  4    Str: 24    XL:     3   Next: 7%
Magic:  2/2        EV:  9    Int:  4    God:
Gold:   41         SH:  7    Dex: 11    Spells: 2/2 levels left

rFire   . . .      SeeInvis .     - Unarmed
rCold   . . .      Faith    .   b - +0 kite shield
rNeg    . . .      Spirit   .   a - +0 robe
rPois   .          Reflect  .   (helmet restricted)
rElec   .          Harm     .   (no cloak)
rCorr   .          Rampage  .   (gloves unavailable)
Will    .....                   (boots unavailable)
Stlth   +.........              f - amulet of the acrobat
HPRegen 0.92/turn               (no ring)
MPRegen 0.08/turn               (no ring)

@: mighty
A: large, unfitting armour, claws 3, regeneration 1, shaggy fur 1, tough skin 1
a: no special abilities


You were on level 2 of the Dungeon.
You visited 1 branch of the dungeon, and saw 2 of its levels.

You collected 41 gold pieces.

Inventory:

Hand Weapons
 h - a +2 dagger of flaming
Armour
 a - a +0 robe (worn)
 b - a +0 kite shield (worn)
Jewellery
 f - an amulet of the acrobat (around neck)
Scrolls
 e - 2 scrolls of identify {unknown}
Potions
 d - 2 potions of mutation {unknown}
 g - a potion of haste {unknown}
 i - a potion of lignification {unknown}
 j - a potion of invisibility {unknown}


   Skills:
 * Level 2.9 Fighting
 + Level 2.7 Dodging
 + Level 2.9 Shields
 + Level 2.3 Unarmed Combat


You had 2 spell levels left.
You didn't know any spells.
Your spell library contained the following spells:

 Spells                   Type           Power      Damage    Failure   Level
 Fireball                 Conj/Fire      0%         3d3       100%        5
 Starburst                Conj/Fire      0%         6d3       100%        6
 Ignition                 Fire           0%         3d3       100%        8


Dungeon Overview and Level Annotations

Branches:
Dungeon (2/15)

Altars:

Shops:
D:1 !

Annotations:
D:2 Sigmund


Innate Abilities, Weirdness & Mutations

You are too large for most types of armour.
You have claws for hands.
Your natural rate of healing is unusually fast.
You are covered in fur. (AC +1)
You have tough skin. (AC +1)


Message History

The kobold barely misses you.
You bump into the rock wall.
Sigmund barely misses you. The kobold closely misses you.
You miss the kobold. Sigmund closely misses you.
The kobold hits you with a +0 short sword.
You bump into the rock wall.
The kobold barely misses you.
You bump into the rock wall.
Sigmund hits you with a +0 scythe. The kobold hits you but does no damage.
You scratch Sigmund.
Sigmund is heavily wounded.
You feel less confused. The kobold closely misses you.
Sigmund casts a spell at you.
You are confused.
You bump into the rock wall.
The kobold hits you with a +0 short sword.
Sigmund barely misses you.
You bump into the rock wall.
The kobold hits you with a +0 short sword.
You completely miss Sigmund.
Sigmund is heavily wounded.
Sigmund hits you but does no damage. The kobold closely misses you.
You closely miss Sigmund.
Sigmund is heavily wounded.
The kobold hits you with a +0 short sword.
Sigmund barely misses you.
You bump into the rock wall.
The kobold hits you with a +0 short sword.
Sigmund hits you with a +0 scythe!
* * * LOW HITPOINT WARNING * * *
You bump into the rock wall.
The kobold barely misses you.
You closely miss the kobold.
You feel less confused. You block the kobold's attack.
Sigmund hits you with a +0 scythe.
* * * LOW HITPOINT WARNING * * *
Unknown command.
You scratch Sigmund.
Sigmund is heavily wounded.
The kobold hits you but does no damage. Sigmund hits you with a +0 scythe.
You die...

# #.########
###.#.........#
#......######.#
#.##........#.#
#...####.#.#
#...# #.#.#
....## #.#.#
###### #.#@#
#.#@#
#######'#K#
..........#
.[...........!..
.........###.K..
#######.## ...
#.. . ###


You could see Sigmund and a kobold.

Vanquished Creatures
  4 dart slugs (D:1)
  An endoplasm (D:1)
  A giant cockroach (D:1)
  3 goblins (D:1)
  3 hobgoblins (D:1)
  2 jackals (D:1)
  A ball python (D:1)
  4 bats (D:1)
  A frilled lizard (D:1)
  A kobold (D:1)
  A rat (D:1)
22 creatures vanquished.

Notes
Turn   | Place    | Note
-------+----------+-------------------------------------------
     0 | D:1      | hquester the Troll Fighter began the quest for the Orb.
     0 | D:1      | Reached XP level 1. HP: 22/22 MP: 0/0
   166 | D:1      | Reached XP level 2. HP: 28/29 MP: 1/1
   206 | D:1      | Found a faded altar of an unknown god.
   390 | D:1      | Found Coasch's Distillery.
   671 | D:1      | Reached XP level 3. HP: 36/36 MP: 2/2
  1018 | D:2      | Noticed Sigmund
  1039 | D:2      | Slain by Sigmund

Illustrated notes

Levels and vault maps discovered:
D:1:      dpeg_arrival_oval, layout_loops_corners,
          ebering_ecumenical_altar_rust, serial_shops, nicolae_shop_stone
D:2:      layout_basic, minmay_goblin_outpost, uniq_terence, uniq_jessica,
          uniq_sigmund

Action                   || total
-------------------------++-------
Melee: Unarmed           ||    64
  Use: Potion            ||     1
 Stab: Sleeping          ||     3
Armor: Robe              ||    21
Dodge: Dodged            ||    33
Block: Kite shield       ||    15

Table legend: (Time is in decaauts)
 A = Elapsed time spent in this place.
 B = Non-inter-level travel time spent in this place.
 C = Inter-level travel time spent in this place.
 D = Time resting spent in this place.
 E = Time spent auto-exploring this place.
 F = Levels seen in this place.
 G = Mean time per level.
                   A        B        C        D        E       F      G
               +--------+--------+--------+--------+--------+-----+--------+
         Total |   1044 |    972 |     72 |      0 |    766 |   2 |  522.0 |
       Dungeon |   1044 |    972 |     72 |      0 |    766 |   2 |  522.0 |
               +--------+--------+--------+--------+--------+-----+--------+

Top non-repeatable levels by time:
     D:1: 995 daAuts
     D:2: 48 daAuts
